 Dungeon Crawl Stone Soup version 0.20-a0-2-g2b0e13a (webtiles) character file.

851 jedvagenij the Poker (level 8, 0/67 HPs)
             Began as a Formicid Fighter on Oct 28, 2016.
             Slain by a gnoll
             ... wielding a +0 halberd
              (14 damage)
             ... on level 5 of the Dungeon.
             The game lasted 00:09:39 (4555 turns).

jedvagenij the Poker (Formicid Fighter)             Turns: 4555, Time: 00:09:39

Health: 0/67       AC:  5    Str: 22    XL:     8   Next: 21%
Magic:  8/8        EV:  7    Int:  9    God:
Gold:   178        SH: 15    Dex:  8    Spells: 0 memorised, 7 levels left

rFire  . . .     SeeInvis +     a - +0 halberd
rCold  . . .     Gourm    .     b - +0 scale mail
rNeg   . . .     Faith    .     i - +0 large shield
rPois  .         Spirit   .     (helmet unavailable)
rElec  .         Reflect  .     (no cloak)
rCorr  .         Harm     .     (no gloves)
MR     .....                    (no boots)
Stlth  ..........               (no amulet)
                                (no ring)
                                d - +1 ring of protection

@: lethally poisoned (0 -> -5), corroded
A: permanent stasis, dig shafts and tunnels, four strong arms, antennae 3,
blurry vision 1, clumsy 1, high mp 1, sense surroundings 1, robust 1, shaggy fur
1, evolution 1
a: Dig, Shaft Self


You were on level 5 of the Dungeon.
You were not hungry.

You visited 1 branch of the dungeon, and saw 5 of its levels.

You collected 178 gold pieces.

Inventory:

Hand Weapons
 a - a +0 halberd (weapon)
Armour
 b - a +0 scale mail (worn)
 i - a +0 large shield (worn)
Jewellery
 d - a +1 ring of protection (left hand)
Wands
 s - a wand of slowing (21/48)
Scrolls
 c - 2 scrolls of recharging {unknown}
 h - 8 scrolls of remove curse
 j - a scroll of enchant armour {unknown}
 k - 2 scrolls of immolation {unknown}
 m - 3 scrolls of amnesia {unknown}
 n - a scroll of fog {unknown}
Potions
 e - a potion of degeneration {unknown}
 q - a potion of lignification
Comestibles
 f - 3 bread rations


   Skills:
 * Level 4.7 Fighting
 * Level 6.1 Polearms
 * Level 5.0 Armour
 + Level 1.4 Dodging
 * Level 5.9 Shields


You had 7 spell levels left.
You didn't know any spells.

Dungeon Overview and Level Annotations

Branches:
Dungeon (5/15)
 Temple: D:4-7

Altars:
Cheibriados
Dithmenos
Gozag
Trog
The Shining One


Innate Abilities, Weirdness & Mutations

You are under a permanent stasis effect.
You can dig through walls and to a lower floor.
Your four strong arms can wield two-handed weapons with a shield.
You have a pair of large antennae on your head. (SInv)
Scrolls take you a little longer to read.
You are clumsy. (Dex -2)
You have an increased reservoir of magic. (+10% MP)
You passively map a small area around you.
You are robust. (+10% HP)
You are covered in fur. (AC +1)
You evolve.


Message History

The gnoll hits you with a flail of venom.
You are poisoned.
You hit the gnoll.
The gnoll is moderately wounded.
You feel sick. You block the gnoll's attack. The gnoll barely misses you.
You block the gnoll's attack.
You hit the gnoll.
The gnoll is severely wounded.
You feel sick. You block the gnoll's attack. x2
The gnoll hits you with a flail of venom.
You are more poisoned.
You closely miss the gnoll.
The gnoll is severely wounded.
You feel sick.
The gnoll hits you from afar with a halberd!
The gnoll hits you with a halberd.
The gnoll hits you with a flail of venom!
* * * LOW HITPOINT WARNING * * *
The gnoll hits you from afar with a halberd!
You die...

,#...# ** *
######.#.#.###
#...# , , ..,,
#.#.#...# #.###
####. #.#.#.#.#
,#.* ....**
#)#.#+#.# , ...
, #.#.'_'.# ,..
, #.#.#'###
**#gg * #.#.#.#
*
#g########.#.#.#
#g.@.......#.#.#
############.#.#
> , #.#.# * *
#.#.# * * #.# ,
* * * , *


You could see 2 gnolls.

Vanquished Creatures
  Sigmund (D:2)
  An ogre (D:4)
  Blork the orc (D:4)
  A howler monkey (D:4)
  A quasit (D:4)
  A hound (D:5)
  2 jellies (D:5)
  A gnoll shaman (D:4)
  4 worker ants
  A hound zombie (D:4)
  14 gnolls
  4 adders
  An ooze (D:4)
  3 worms
  2 dart slugs
  3 leopard geckos
  A ball python (D:2)
  2 giant cockroaches (D:2)
  4 goblins
  4 hobgoblins
  2 jackals (D:1)
  A quokka (D:3)
  6 bats
  7 frilled lizards
  6 kobolds
  8 rats
82 creatures vanquished.

Notes
Turn   | Place    | Note
-------+----------+-------------------------------------------
     0 | D:1      | jedvagenij the Formicid Fighter began the quest for the Orb.
     0 | D:1      | Reached XP level 1. HP: 18/18 MP: 1/1
   120 | D:1      | Reached XP level 2. HP: 10/24 MP: 2/2
   455 | D:1      | Reached XP level 3. HP: 29/29 MP: 3/3
  1088 | D:2      | Noticed Sigmund
  1107 | D:2      | Gained mutation: You evolve. [potion of mutation]
  1107 | D:2      | Gained mutation: You are clumsy. (Dex -2) [potion of mutation]
  1107 | D:2      | Gained mutation: You passively map a small area around you. [potion of mutation]
  1117 | D:2      | Killed Sigmund
  1117 | D:2      | Reached skill level 3 in Polearms
  1117 | D:2      | Reached XP level 4. HP: 13/37 MP: 4/4
  1117 | D:2      | Reached XP level 5. HP: 15/42 MP: 5/5
  1117 | D:2      | Reached XP level 6. HP: 18/48 MP: 6/6
  1837 | D:2      | Gained mutation: You are robust. (+10% HP) [potion of mutation]
  1837 | D:2      | Gained mutation: You are covered in fur. (AC +1) [potion of mutation]
  1891 | D:2      | Reached skill level 4 in Polearms
  2159 | D:3      | Found a glowing golden altar of the Shining One.
  2319 | D:3      | Found a bloodstained altar of Trog.
  2738 | D:4      | Reached skill level 5 in Shields
  2794 | D:4      | Found a snail-covered altar of Cheibriados.
  2962 | D:4      | Gained mutation: You have an increased reservoir of magic. (+10% MP) [potion of beneficial mutation]
  3035 | D:4      | Reached skill level 1 in Dodging
  3035 | D:4      | Reached XP level 7. HP: 57/59 MP: 7/7
  3164 | D:4      | Found an opulent altar of Gozag.
  3404 | D:4      | Reached skill level 5 in Polearms
  3521 | D:4      | Gained mutation: Scrolls take you a little longer to read. [evolution]
  3976 | D:4      | Noticed Blork the orc
  3991 | D:4      | Killed Blork the orc
  3991 | D:4      | Reached XP level 8. HP: 41/67 MP: 8/8
  4319 | D:5      | Entered Level 5 of the Dungeon
  4352 | D:5      | Reached skill level 5 in Armour
  4461 | D:5      | Reached skill level 6 in Polearms
  4510 | D:5      | Found a shadowy altar of Dithmenos.
  4555 | D:5      | Slain by a gnoll

Vault maps used:
D:1:      dpeg_arrival_oval
D:2:      first_bread, serial_forest, infiniplex_forest_straight_2,
          infiniplex_forest_clump_medium, infiniplex_forest_diagonal,
          infiniplex_forest_clump_large, infiniplex_forest_clump_large,
          infiniplex_forest_lined_room_2, infiniplex_forest_clump_medium,
          infiniplex_forest_clump_small, infiniplex_forest_side_room,
          uniq_sigmund
D:3:      nicolae_overflow_crystal_walls, overflow_temple_1_default
D:4:      cheibriados_altar_wand_db, grunt_gozag_statues,
          minmay_misc_feat_doors, uniq_blork_the_orc
D:5:      kennysheep_mini

Skill      XL: |  1  2  3  4  5  6  7  8 |
---------------+-------------------------+-----
Shields        | 4 5 |  5.9
Fighting       | 4 |  4.7
Polearms       | 3 4 5 6 |  6.1
Armour         | 4 5 |  5.0
Dodging        | 1 |  1.4

Action                   |  1- 3 |  4- 6 |  7- 9 || total
-------------------------+-------+-------+-------++-------
Melee: Trident           |    78 |       |       ||    78
       Halberd           |    24 |   170 |   127 ||   321
 Abil: Dig               |     1 |       |       ||     1
  Use: Potion            |     4 |     2 |       ||     6
       Scroll            |       |     7 |     1 ||     8
  Eat: Meat ration       |     1 |       |       ||     1
       Bread ration      |       |     1 |     1 ||     2
       Beef jerky        |       |       |     1 ||     1
Armor: Scale mail        |    28 |    71 |    40 ||   139
Dodge: Dodged            |    19 |    30 |    34 ||    83
Block: Shield            |    24 |       |       ||    24
       Large shield      |    54 |   138 |    99 ||   291
